 Dungeon Crawl Stone Soup version 0.31-a0-236-g9a0961fb85 (webtiles) character file.

Game seed: 16000379342647185536

827 stevil the Chopper (level 7, -8/61 HPs)
             Began as a Hill Orc Fighter on July 10, 2023.
             Was an Initiate of Vehumet.
             Mangled by Pikel
             ... wielding a +2 whip of electrocution
              (17 damage)
             ... on level 6 of the Dungeon.
             The game lasted 00:46:21 (5167 turns).

stevil the Chopper (Hill Orc Fighter)               Turns: 5167, Time: 00:46:22

Health: -8/61      AC: 10    Str: 21    XL:     7   Next: 97%
Magic:  7/7        EV: 10    Int:  8    God:    Vehumet [......]
Gold:   117        SH:  0    Dex: 10    Spells: 6/6 levels left

rFire   . . .        a - +0 war axe
rCold   . . .        u - orb {light}
rNeg    . . .        b - +0 scale mail
rPois   .            (no helmet)
rElec   .            (no cloak)
rCorr   +            (no gloves)
SInv    .            B - +2 pair of boots
Will    .....        (no amulet) Stlth
                     p - ring of resist corrosion
HPRegen 0.30/turn    (no ring)
MPRegen 0.10/turn

%: no passive effects
@: about to teleport, glowing
A: no striking features
a: Renounce Religion


You were on level 6 of the Dungeon.
You worshipped Vehumet.
Vehumet was noncommittal.
You visited 1 branch of the dungeon, and saw 6 of its levels.

You collected 207 gold pieces.
You spent 90 gold pieces at shops.

Inventory:

Hand Weapons
 a - a +0 war axe (weapon)
 n - a +2 flail of protection
 q - a +1 short sword of electrocution
Missiles
 l - 2 throwing nets
Armour
 b - a +0 scale mail (worn)
 c - a +0 buckler
 e - a +0 robe
 u - an orb of light (worn)
 B - a +2 pair of boots (worn)
Jewellery
 p - a ring of resist corrosion (left hand)
Wands
 r - a wand of flame (24)
 t - a wand of roots (4)
 A - a wand of polymorph (6)
Scrolls
 g - 3 scrolls of poison
 j - a scroll of fog {unknown}
 m - a scroll of brand weapon {unknown}
 s - a scroll of immolation {unknown}
 v - a scroll of noise {unknown}
 w - a scroll of revelation {unknown}
 x - a scroll of enchant weapon {unknown}
 y - a scroll of blinking
Potions
 d - a potion of might
 h - a potion of magic
 i - a potion of curing
 k - a potion of lignification
 o - 2 potions of enlightenment
 z - a potion of heal wounds {unknown}
 C - a potion of degeneration {unknown}


   Skills:
 + Level 5.2 Fighting
 + Level 7.1 Axes
 + Level 0.1 Throwing
 + Level 6.0 Armour
 + Level 1.7 Dodging
 + Level 0.9 Stealth
 + Level 4.3 Shields
 + Level 1.0 Evocations


You had 6 spell levels left.
You didn't know any spells.
Your spell library contained the following spells:

 Spells                   Type           Power      Damage    Failure   Level
 Magic Dart               Conj           0%         1d3       73%         1
 Searing Ray              Conj           0%         2d4       86%         2
 Ignite Poison            Fire/Tmut/Pois 0%         N/A       97%         3
 Inner Flame              Hex/Fire       0%         N/A       97%         3
 Cause Fear               Hex            0%         N/A       100%        4
 Fulminant Prism          Conj/Hex       0%         3d5       100%        4
 Sticky Flame             Conj/Fire      0%         2d3       100%        4
 Yara's Violent Unravell  Hex/Tmut       0%         3d3       100%        5
 Dragon Form              Tmut           0%         N/A       100%        7
 Enfeeble                 Hex            0%         N/A       100%        7
 Ignition                 Fire           0%         3d3       100%        8
 Dragon's Call            Summ           0%         N/A       100%        9


Dungeon Overview and Level Annotations

Branches:
Dungeon (6/15)
 Temple: D:4-7

Altars:
Ashenzari
Cheibriados
Elyvilon
Kikubaaqudgha
Makhleb
Okawaru
Qazlal
Uskayaw
Vehumet
Xom
Yredelemnul
Zin

Shops:
D:4 ?(?[   D:5 (

Annotations:
D:4 2 transporters, knightboat's ghost, novice TrWr
D:6 Pikel


Message History

You kill the lemure!
That felt strangely unrewarding.
Pikel cracks his whip.
You slash Pikel!
Pikel is moderately wounded.
Pikel hits you but does no damage.
Aiming: Fastroot
Press: ? - help, Q - select action, (/) - cycle Shift-Dir - straight line, f - wight
Aim: a wight, wielding a +4 halberd and wearing a +0 robe (haloed)
The roots erupt in riotous growth!
Roots grab Pikel.
Roots grab the wight.
The grasping roots constrict Pikel.
The grasping roots constrict the wight.
The wight hits you from afar with a +4 halberd.
Pikel completely misses you.
A lemure comes into view.
Aiming: Fastroot
Press: ? - help, Q - select action, (/) - cycle Shift-Dir - straight line, f/p - wight
Aim: a wight, wielding a +4 halberd and wearing a +0 robe (lightly damaged, constricted by roots, haloed)
The roots erupt in riotous growth!
Pikel is unaffected.
The wight is unaffected.
The grasping roots constrict Pikel.
The grasping roots constrict the wight.
The roots release their grip on Pikel.
The roots release their grip on the wight.
The wight hits you from afar with a +4 halberd.
Pikel hits you with a +2 whip of electrocution.
* * * LOW HITPOINT WARNING * * *
Unknown command.
Blink to where?
Press: ? - help, Dir - move target, p - wight
Okay, then.
Blink to where?
Press: ? - help, Dir - move target, p - wight
Okay, then.
As you read the scroll of teleportation, it crumbles to dust.
You feel strangely unstable.
Pikel hits you with a +2 whip of electrocution!
* * * LOW HITPOINT WARNING * * *
You are electrocuted!
You die...

#.### .... .... #5.
#.#.##.# #z. #.#.##.# #z#
#.#.##.## #K# #.......#
#@# #.#.#.#.###.###
######.#.#.........#####..
.........#.##.##.#........
..........................
######.#.####...##.#####.#
#.#.######).#.#
#.........#.#.###
###.#####.#.....#


You could see Pikel, a lemure and 2 wights.

Vanquished Creatures
  Prince Ribbit (D:5)
  2 black bears
  3 lemures (D:6)
  2 scorpions
  A hound (D:5)
  2 jellies (D:5)
  Terence (D:2)
  2 iguanas
  An orc wizard (D:5)
  3 gnolls (D:3)
  5 adders
  A white imp (D:5)
  An ufetubus (D:5)
  2 worms (D:2)
  A dart slug (D:2)
  6 orcs
  9 ball pythons
  3 bats
  6 endoplasms
  3 giant cockroaches
  4 goblins
  12 hobgoblins
  3 quokkas
  5 frilled lizards
  6 kobolds
  6 rats
91 creatures vanquished.

Vanquished Creatures (others)
  An angel (D:3)
  A dart slug (D:3)
2 creatures vanquished.

Grand Total: 93 creatures vanquished

Notes
Turn   | Place    | Note
-------+----------+-------------------------------------------
     0 | D:1      | stevil the Hill Orc Fighter began the quest for the Orb.
     0 | D:1      | Reached XP level 1. HP: 19/19 MP: 1/1
   165 | D:1      | Reached XP level 2. HP: 27/27 MP: 2/2
   386 | D:1      | Reached skill level 3 in Axes
   728 | D:1      | Reached XP level 3. HP: 33/33 MP: 3/3
  1361 | D:2      | Noticed Terence
  1375 | D:2      | Killed Terence
  1376 | D:2      | Reached XP level 4. HP: 37/40 MP: 4/4
  1463 | D:2      | Reached skill level 4 in Axes
  2108 | D:3      | Reached XP level 5. HP: 43/46 MP: 5/5
  2128 | D:3      | Noticed an angel
  2129 | D:3      | Found a glowing silver altar of Zin.
  2129 | D:3      | Found a shimmering altar of Xom.
  2375 | D:3      | Found an ancient bone altar of Kikubaaqudgha.
  2406 | D:3      | Killed an angel
  3340 | D:4      | Found Vazipideeng's Antique Weapon Boutique.
  3406 | D:4      | Found Itod's Magic Scroll Emporium.
  3447 | D:4      | Reached skill level 5 in Axes
  3447 | D:4      | Reached XP level 6. HP: 48/53 MP: 6/6
  3448 | D:4      | Found Bisur's Armour Shop.
  3491 | D:4      | Found Ahukad's Magic Scroll Boutique.
  3571 | D:4      | Found a broken altar of Ashenzari.
  3573 | D:4      | Noticed a black bear
  3586 | D:4      | Killed a black bear
  3587 | D:4      | Reached skill level 1 in Dodging
  3755 | D:4      | Found a transporter.
  3757 | D:4      | Noticed knightboat's ghost (novice TrWr)
  3791 | D:4      | Found a transporter.
  4013 | D:4      | Bought a scroll of blinking for 90 gold pieces
  4055 | D:5      | Entered Level 5 of the Dungeon
  4082 | D:4      | Reached skill level 5 in Armour
  4182 | D:5      | Found an iron altar of Okawaru.
  4236 | D:5      | Reached skill level 6 in Axes
  4398 | D:5      | Found Cory's Weapon Boutique.
  4429 | D:5      | Noticed Prince Ribbit
  4434 | D:5      | Killed Prince Ribbit
  4435 | D:5      | Reached XP level 7. HP: 60/60 MP: 7/7
  4520 | D:5      | Found a hide-covered altar of Uskayaw.
  4520 | D:5      | Found a snail-covered altar of Cheibriados.
  4529 | D:5      | Found a stormy altar of Qazlal.
  4531 | D:5      | Found a burning altar of Makhleb.
  4532 | D:5      | Found a basalt altar of Yredelemnul.
  4609 | D:5      | Reached skill level 5 in Fighting
  4723 | D:5      | Reached skill level 7 in Axes
  4754 | D:5      | Reached skill level 1 in Evocations
  4949 | D:5      | Found a white marble altar of Elyvilon.
  5044 | D:5      | Found a radiant altar of Vehumet.
  5050 | D:5      | Became a worshipper of Vehumet
  5158 | D:6      | Noticed Pikel
  5167 | D:6      | Mangled by Pikel

Illustrated notes

Levels and vault maps discovered:
D:1:      lordsloth_arrival_two_stooges, layout_basic
D:2:      layout_basic, minmay_pentomino_v4, uniq_terence
D:3:      layout_basic, grunt_temple_overflow_order_and_chaos_1,
          nicolae_kikubaaqudgha_miasma_corner, grunt_ministairs_8
D:4:      layout_gridville, mainiacjoe_overflow_brackets,
          gammafunk_ghost_mausoleum, serial_shops, shop, shop, shop, shop
D:5:      layout_rooms, mainiacjoe_overflow_small_starburst,
          nicolae_vehumet_altar_sigil, mainiacjoe_overflow_24_doors,
          grunt_temple_overflow_open, serial_shops, shop, uniq_prince_ribbit1
D:6:      layout_basic, fedhas_bush_and_centaur_altar,
          worldfamousw_hep_ancestral_shrine, uniq_menkaure, uniq_edmund,
          uniq_pikel

Skill      XL: |  1  2  3  4  5  6  7 |
---------------+----------------------+-----
Axes           | 3 4 5 6 7 |  7.1
Fighting       | 4 5 |  5.2
Armour         | 4 5 6 |  6.0
Shields        | 4 |  4.3
Dodging        | 1 |  1.7
Evocations     | 1 |  1.0
Throwing       | |  0.1
Stealth        | |  0.9

Action                     |  1- 3 |  4- 6 |  7- 9 || total
---------------------------+-------+-------+-------++-------
  Melee: War axe           |   102 |   156 |    70 ||   328
  Throw: Dart              |       |     1 |     1 ||     2
  Evoke: Wand              |       |     7 |     6 ||    13
    Use: Scroll            |     2 |     4 |     1 ||     7
         Potion            |       |       |     1 ||     1
 Armour: Scale mail        |    43 |    80 |    32 ||   155
  Dodge: Dodged            |    41 |    61 |    46 ||   148
  Block: Buckler           |    24 |    42 |     7 ||    73

Table legend: (Time is in decaauts)
 A = Elapsed time spent in this place.
 B = Non-inter-level travel time spent in this place.
 C = Inter-level travel time spent in this place.
 D = Time resting spent in this place.
 E = Time spent auto-exploring this place.
 F = Levels seen in this place.
 G = Mean time per level.
                   A        B        C        D        E       F      G
               +--------+--------+--------+--------+--------+-----+--------+
         Total |   5262 |   5015 |    247 |     67 |     46 |   6 |  877.0 |
       Dungeon |   5262 |   5015 |    247 |     67 |     46 |   6 |  877.0 |
               +--------+--------+--------+--------+--------+-----+--------+

Top non-repeatable levels by time:
     D:3: 1305 daAuts
     D:1: 1092 daAuts
     D:5: 1017 daAuts
     D:2: 1005 daAuts
     D:4: 769 daAuts
     D:6: 73 daAuts
